 Dungeon Crawl Stone Soup version 0.20-a0-555-gf6ae02d (webtiles) character file.

1838 Lahna the Slasher (level 9, -5/81 HPs)
             Began as a Naga Fighter on Feb 7, 2017.
             Was a Believer of Okawaru.
             Slain by a hornet (14 damage)
             ... on level 7 of the Dungeon.
             The game lasted 00:12:03 (6185 turns).

Lahna the Slasher (Naga Fighter)                    Turns: 6185, Time: 00:12:04

Health: -5/81      AC:  9    Str: 24 (25) XL:     9   Next: 11%
Magic:  1/1        EV:  6    Int:  9      God:    Okawaru [**....]
Gold:   379        SH: 11    Dex: 13      Spells: 8/8 levels left

rFire    . . .     SeeInvis +   y - +0 dagger "Emasez" {vamp, rC++ MP-9 Str+3} (curse)
rCold    + + .     Gourm    .   r - +0 scale mail "Sywnat" {rN+ rCorr Str+3} (curse)
rNeg     + . .     Faith    .   c - +1 shield
rPois    +         Spirit   .   (no helmet)
rElec    .         Reflect  .   v - +0 cloak
rCorr    +         Harm     .   s - +0 pair of gloves
MR       +....                  (no barding)
Stlth    ..........             f - amulet of magic regeneration
Regen    0.3/turn               (no ring)
                                h - ring of loudness (curse)

@: lethally poisoned (-5 -> -10), very slow
A: see invisible, deformed body, deterioration 1, low mp 1, poison resistance,
slowness 2, slow metabolism 1, spit poison 1, no potion heal 1, AC +3
a: Spit Poison, Heroism, Renounce Religion


You were on level 7 of the Dungeon.
You worshipped Okawaru.
Okawaru was pleased with you.
You were hungry.

You visited 2 branches of the dungeon, and saw 8 of its levels.

You collected 379 gold pieces.

Inventory:

Hand Weapons
 a - a +1 long sword
 t - a +0 rapier
 y - the cursed +0 dagger "Emasez" (weapon) {vamp, rC++ MP-9 Str+3}
   (You found it on level 5 of the Dungeon)

   It inflicts no extra harm, but heals its wielder when it wounds a living foe.
   It affects your strength (+3).
   It greatly protects you from cold.
   It affects your magic capacity (-9).
   It has a curse placed upon it.
Armour
 b - a +0 scale mail
 c - a +1 shield (worn)
 r - the cursed +0 scale mail "Sywnat" (worn) {rN+ rCorr Str+3}
   (You found it on level 6 of the Dungeon)

   It affects your strength (+3).
   It protects you from negative energy.
   It protects you from acid and corrosion.
   It has a curse placed upon it.
 s - a +0 pair of gloves (worn)
 v - a +0 cloak (worn)
Jewellery
 f - an amulet of magic regeneration (around neck)
 h - a cursed ring of loudness (left hand)
Scrolls
 d - a scroll of enchant weapon
 n - 5 scrolls of teleportation
Potions
 e - 2 potions of lignification
 g - 2 potions of brilliance
 j - a potion of might
 k - 3 potions of invisibility
 m - a potion of agility
 o - a potion of flight
 p - 2 potions of ambrosia
 u - 2 potions of curing
Comestibles
 i - 5 meat rations
 l - 3 fruits


   Skills:
 + Level 5.4 Fighting
 + Level 7.9 Long Blades
 + Level 4.6 Armour
 + Level 4.5 Shields
 + Level 2.9 Invocations


You had 8 spell levels left.
You didn't know any spells.

Dungeon Overview and Level Annotations

Branches:
Dungeon (7/15)             Temple (1/1) D:4

Altars:
Ashenzari
Dithmenos
Fedhas
Kikubaaqudgha
Nemelex Xobeh
Okawaru
Qazlal
Ru
Sif Muna
Trog
Vehumet
Xom
Yredelemnul
Zin


Innate Abilities, Weirdness & Mutations

You cannot wear boots.
Your serpentine skin is tough. (AC +3)
You have supernaturally acute eyesight. (SInv)
Armour fits poorly on your strangely shaped body.
Your system is resistant to poisons. (rPois)
You cover ground very slowly.
You have a slow metabolism.
You can spit poison.
Your body sometimes deteriorates upon taking damage.
Your magical capacity is low. (-10% MP)
Potions are less effective at restoring your health.


Message History

The hornet stings you!
* * * LOW HITPOINT WARNING * * *
You feel as though you will be slow longer.
The hornet closely misses you. You block the hornet's attack.
The hornet stings you.
* * * LOW HITPOINT WARNING * * *
You are poisoned.
The hornet barely misses you.
You hit the hornet.
You feel better.
The hornet is lightly wounded.
You feel sick. You block the hornet's attack. The hornet stings you.
* * * LOW HITPOINT WARNING * * *
You completely miss the hornet.
The hornet is lightly wounded.
You feel sick. You block the hornet's attack. The hornet barely misses you.
You hit the hornet but do no damage.
The hornet is lightly wounded.
You feel yourself speed up.
You feel sick. The hornet stings you!
You die...

#.# ##..#
... #.#
##...##.#
#.#
#.......#
#.#
#.../..#
##.# .....#
#..# #...#
#.## ###..#
#.#
######...##
#.#
#...@yO###
#.#
#.####...#
#.# #.#
###..# #.#
#.# #..#
#.######.#
...#
#........#
#..
##########
#.


You could see a two-headed ogre and a hornet.

Vanquished Creatures
  Grinder (D:4)
  Eustachio (D:4)
  Edmund (D:4)
  Menkaure (D:4)
  3 ogres
  A phantom (D:4)
  2 centaurs
  2 big kobolds
  2 bullfrogs
  2 scorpions (D:4)
  2 howler monkeys
  2 centaur zombies (D:6)
  A hound (D:6)
  A bullfrog skeleton (D:5)
  2 iguanas
  A howler monkey skeleton (D:4)
  4 adders
  An ooze (D:2)
  2 worms
  An adder skeleton (D:4)
  A dart slug (D:4)
  5 leopard geckos
  4 orcs
  11 bats
  2 bat zombies (D:6)
  4 giant cockroaches
  5 goblins
  5 hobgoblins
  2 jackals
  A quokka (D:4)
  10 frilled lizards
  2 jackal skeletons
  19 kobolds
  A leopard gecko skeleton (D:5)
  9 rats
  2 rat zombies (D:6)
  A spectral orc (D:5)
117 creatures vanquished.

Notes
Turn   | Place    | Note
-------+----------+-------------------------------------------
     0 | D:1      | Lahna the Naga Fighter began the quest for the Orb.
     0 | D:1      | Reached XP level 1. HP: 21/21 MP: 1/1
   279 | D:1      | Reached XP level 2. HP: 3/28 MP: 2/2
   288 | D:1      | HP: 1/28 [frilled lizard (2)]
   743 | D:1      | Reached skill level 3 in Long Blades
  1274 | D:2      | Reached XP level 3. HP: 34/34 MP: 3/3
  2011 | D:2      | Reached skill level 4 in Long Blades
  2011 | D:2      | Reached XP level 4. HP: 40/42 MP: 4/4
  2942 | D:4      | Noticed Edmund
  2966 | D:4      | HP: 1/42 [Edmund/flail of protection (6)]
  2971 | D:4      | Killed Edmund
  2971 | D:4      | Reached skill level 5 in Long Blades
  2971 | D:4      | Reached XP level 5. HP: 15/49 MP: 5/5
  3299 | D:4      | Noticed a big kobold
  3310 | D:4      | Killed a big kobold
  3310 | D:4      | Reached skill level 6 in Long Blades
  3310 | D:4      | Reached XP level 6. HP: 43/56 MP: 6/6
  3324 | D:4      | Found a staircase to the Ecumenical Temple.
  3334 | Temple   | Entered the Ecumenical Temple
  3608 | Temple   | Became a worshipper of Warmaster Okawaru
  3713 | D:4      | Noticed a phantom
  3755 | D:4      | Killed a phantom
  3755 | D:4      | Reached XP level 7. HP: 56/62 MP: 7/7
  3767 | D:4      | Noticed Menkaure
  3773 | D:4      | Killed Menkaure
  3976 | D:4      | Noticed Eustachio
  3985 | D:4      | Reached * piety under Okawaru
  4004 | D:4      | Killed Eustachio
  4004 | D:4      | Reached skill level 7 in Long Blades
  4424 | D:4      | Noticed Grinder
  4435 | D:4      | Killed Grinder
  4435 | D:4      | Reached XP level 8. HP: 58/73 MP: 5/8
  4508 | D:5      | Entered Level 5 of the Dungeon
  4599 | D:5      | Reached skill level 1 in Invocations
  4620 | D:5      | Found a blossoming altar of Fedhas.
  4755 | D:5      | Found a basalt altar of Yredelemnul.
  4783 | D:5      | Found a basalt altar of Yredelemnul.
  4925 | D:5      | Got a crude dagger
  4940 | D:5      | Reached skill level 5 in Fighting
  4949 | D:5      | Identified the cursed +0 dagger "Emasez" {vamp, rC++ MP-9 Str+3} (You found it on level 5 of the Dungeon)
  5131 | D:6      | Reached ** piety under Okawaru
  5179 | D:6      | Found a radiant altar of Vehumet.
  5448 | D:6      | Reached XP level 9. HP: 22/81 MP: 1/10
  5474 | D:6      | Gained mutation: Potions are less effective at restoring your health. [potion of mutation]
  5474 | D:6      | Gained mutation: Your body sometimes deteriorates upon taking damage. [potion of mutation]
  5474 | D:6      | Gained mutation: Your magical capacity is low. (-10% MP) [potion of mutation]
  5798 | D:6      | Found an ancient bone altar of Kikubaaqudgha.
  5865 | D:6      | Got a smoking scale mail
  5910 | D:6      | Identified the cursed +0 scale mail "Sywnat" {rN+ rCorr Str+3} (You found it on level 6 of the Dungeon)
  6161 | D:7      | Noticed a hornet
  6172 | D:7      | Paralysed by a hornet for 3 turns
  6178 | D:7      | Noticed a two-headed ogre
  6185 | D:7      | Slain by a hornet

Vault maps used:
D:1:      shiori_arrival_oz
D:3:      minmay_misc_feat_secret_circle
D:4:      temple_fountains, nicolae_ossuary_entry_plus, uniq_grinder,
          uniq_edmund, uniq_eustachio, uniq_menkaure
D:5:      yredelemnul_forgotten_temple_becter, first_bread, basic_altar,
          fedhas_altar_3
D:6:      lemuel_upstairs_altar, kennysheep_mini,
          lemuel_zombie_altar_kikubaaqudgha
D:7:      tso_metal_star, lemuel_crystal_altar, uniq_duvessa
Temple:   minmay_temple_curvy_loop

Skill      XL: |  1  2  3  4  5  6  7  8 |
---------------+-------------------------+-----
Long Blades    | 3 4 5 6 7 |  7.9
Armour         | 3 4 |  4.6
Shields        | 3 4 |  4.5
Fighting       | 4 5 |  5.4
Invocations    | 2 |  2.9

Action                   |  1- 3 |  4- 6 |  7- 9 || total
-------------------------+-------+-------+-------++-------
Melee: Long sword        |   125 |   140 |    90 ||   355
       Dagger            |       |       |   327 ||   327
Invok: Heroism           |       |       |     2 ||     2
 Abil: Spit Poison       |       |       |     2 ||     2
  Use: Potion            |     1 |     2 |     3 ||     6
       Scroll            |     7 |     2 |     8 ||    17
 Stab: Invisible         |       |       |     1 ||     1
  Eat: Chunk             |     3 |     2 |     5 ||    10
       Bread ration      |       |     1 |     1 ||     2
Armor: Scale mail        |    70 |    71 |   122 ||   263
       Skin              |       |       |     5 ||     5
Dodge: Dodged            |    35 |    26 |    78 ||   139
Block: Shield            |    71 |    82 |   194 ||   347
       Rpst.: Long sword |    14 |    11 |     6 ||    31
